[Event "*** Titled Tuesday Blitz"]
[Site "Chess.com"]
[Date "2021.02.09"]
[Round "7"]
[White "IngOscarArdila"]
[Black "ridnani2021"]
[Result "1-0"]
[WhiteElo "2169"]
[BlackElo "2331"]
[TimeControl "180+1"]
[EndTime "11:16:10 PST"]
[Termination "IngOscarArdila won by resignation"]

1. d4 Nf6 2. c4 g6 3. Nc3 Bg7 4. e4 O-O 5. Nf3 d6 6. Be2 e5 7. d5 Nbd7 8. O-O a5 9. Bg5 Nc5 10. Qc2 Bd7 11. b3 Qe8 12. a3 Nh5 13. g3 h6 14. Be3 b6 15. b4 Na6 16. Rab1 f5 17.
exf5 gxf5 18. Nh4 axb4 19. axb4 f4 20. Bd2 Bf6 21. Qg6+ Qxg6 22. Nxg6 Ng7 23. Nxf8 Rxf8 24. Ne4 Be7 25. c5 bxc5 26. Bxa6 Bf5 27. f3 fxg3 28. hxg3 h5 29. bxc5 dxc5 30. Rb7 h4 31. Rxc7 Bd8 32.
Rc6 hxg3 33. Nxg3 Bd7 34. Rg6 Be8 35. Rh6 Nf5 36. Nxf5 Rxf5 37. Bd3 1-0

[Event "*** Titled Tuesday Blitz"]
[Site "Chess.com"]
[Date "2021.02.09"]
[Round "7"]
[White "annacramling"]
[Black "Manukyan_Artak"]
[Result "0-1"]
[WhiteElo "2104"]
[BlackElo "2350"]
[TimeControl "180+1"]
[EndTime "11:16:16 PST"]
[Termination "Manukyan_Artak won by resignation"]

1. d4 Nf6 2. c4 g6 3. Nc3 Bg7 4.
e4 O-O 5. h3 d6 6. Bg5 c5 7. d5 Qa5 8. Qd2 Na6 9. Nf3 Nc7 10.
Bd3 Re8 11. O-O e5 12. dxe6 Bxe6 13. Qf4 Nh5 14. Qxd6 Na6 15. Be2 Qb4 16. Rab1 Bxc4 17. Bxc4 Qxc4 18. Rfc1 Qe6 19. Qd4 cxd4 20. Nd5 Qxe4 0-1

[Event "*** Titled Tuesday Blitz"]
[Site "Chess.com"]
[Date "2021.02.09"]
[Round "7"]
[White "Azde"]
[Black "chessmadara"]
[Result "1-0"]
[WhiteElo "2358"]
[BlackElo "2158"]
[TimeControl "180+1"]
[EndTime "11:16:17 PST"]
[Termination "Azde won by resignation"]

1. d4 Nf6 2. c4 g6 3. Nc3 d5 4.
Bf4 Bg7 5. e3 O-O 6. cxd5 Nxd5 7. Nxd5 Qxd5 8. Bxc7 Na6 9. Bxa6 bxa6 10. Nf3 Bg4 11. O-O Qb7 12. Bg3 Qxb2 13. Qa4 Qb5 14. Qa3 Bxf3 15. gxf3 Qd5 16. Kg2 g5 17. Rac1 g4 18.
Qxe7 gxf3+ 19. Kh1 Qxa2 20. Rg1 Qe6 21. Qh4 Kh8 22. Bf4 a5 23. Rc5 a4 24. Rh5 Qe4 25. Rxg7 Rg8 26. Rhxh7+ 1-0

[Event "*** Titled Tuesday Blitz"]
[Site "Chess.com"]
[Date "2021.02.09"]
[Round "7"]
[White "bazar-wokzal"]
[Black "frederiksvane"]
[Result "1-0"]
[WhiteElo "2545"]
[BlackElo "2718"]
[TimeControl "180+1"]
[EndTime "11:16:20 PST"]
[Termination "bazar-wokzal won by resignation"]

1. e4 c5 2. c3 d5 3. exd5 Qxd5 4. d4 e6 5. a3 Nf6 6. Nf3 Be7 7. Be3 cxd4 8.
cxd4 O-O 9. Nc3 Qd6 10. Qc2 Nc6 11. Bd3 Bd7 12. O-O Rfd8 13. Qd2 Rac8 14. Bf4 Nxd4 15. Bxd6 Nxf3+ 16. gxf3 Bxd6 17. Bxh7+ Nxh7 18. Qxd6 Bc6 19. Qf4 e5 20. Qxe5 Re8 21. Qf4 Re6 22. Ne4 Rf8 23.
Rac1 f5 24. Ng3 Rg6 25. h4 Nf6 26. Kh2 Nd5 27. Qc4 f4 28. Ne4 Rh6 29. Rfd1 Rxh4+ 30. Kg2 Rf5 31. Rh1 Rxh1 32. Rxh1 Kf7 33. Nd6+ 1-0

[Event "*** Titled Tuesday Blitz"]
[Site "Chess.com"]
[Date "2021.02.09"]
[Round "7"]
[White "AryanTari"]
[Black "bugsbunny444"]
[Result "1-0"]
[WhiteElo "2890"]
[BlackElo "2595"]
[TimeControl "180+1"]
[EndTime "11:16:21 PST"]
[Termination "AryanTari won by resignation"]

1. e4 c5 2. Nf3 e6 3. d4 cxd4 4. Nxd4 a6 5. Bd3 Nf6 6. O-O Qc7 7. c4 Nc6 8. Nf3 Bc5 9. Nc3 Ng4 10. h3 h5 11. Na4 Nd4 12. g3 Ne2+ 13. Kg2 Nxf2 14.
Qxe2 1-0

[Event "*** Titled Tuesday Blitz"]
[Site "Chess.com"]
[Date "2021.02.09"]
[Round "7"]
[White "akanga001"]
[Black "Khnykin_Nikolay"]
[Result "0-1"]
[WhiteElo "1952"]
[BlackElo "2055"]
[TimeControl "180+1"]
[EndTime "11:16:24 PST"]
[Termination "Khnykin_Nikolay won by resignation"]

1. e4 e6 2. d4 d5 3. exd5 exd5 4. Bd3 Nf6 5. Ne2 Bd6 6. c4 dxc4 7. Bxc4 O-O 8. O-O Bf5 9. Bf4 Bxf4 10. Nxf4 Nc6 11. d5 Ne5 12. Bb3 Re8 13. Nc3 Bg4 14. Qd4 g5 15. Nd3 c5 16. Nxc5 Qc8 17. Rac1 Nf3+ 18.
gxf3 Bxf3 19. d6 Qh3 0-1

[Event "*** Titled Tuesday Blitz"]
[Site "Chess.com"]
[Date "2021.02.09"]
[Round "7"]
[White "LEGENYA1998"]
[Black "xberli"]
[Result "0-1"]
[WhiteElo "2253"]
[BlackElo "2465"]
[TimeControl "180+1"]
[EndTime "11:16:25 PST"]
[Termination "xberli won by resignation"]

1. e4 d5 2. exd5 c6 3. d4 cxd5 4. c4 Nf6 5. Nc3 g6 6. Nf3 Bg7 7. Qb3 dxc4 8. Bxc4 O-O 9. O-O Nc6 10. Be3 Na5 11.
Qa4 Nxc4 12. Qxc4 Be6 13. Qb5 Nd5 14. Rac1 Nxe3 15. fxe3 Rb8 16. Ne5 a6 17. Qe2 b5 18.
Nc6 Qd7 19. Nxb8 Rxb8 20. d5 Bg4 21. Qf2 Qe8 22. e4 b4 23. Ne2 Bxb2 24. Rc2 Be5 25. Nd4 Bd7 26. Nc6 Bxc6 27. Rxc6 a5 28. Qc2 Kg7 29. Rc1 Qd7 30. Rc8 Rxc8 31. Qxc8 Qa7+ 32. Kh1 Qe3 33. Qc5 Qxe4 34. Qxa5 Qf4 0-1

[Event "*** Titled Tuesday Blitz"]
[Site "Chess.com"]
[Date "2021.02.09"]
[Round "7"]
[White "Xeniya2005"]
[Black "chessmause"]
[Result "1-0"]
[WhiteElo "2352"]
[BlackElo "2202"]
[TimeControl "180+1"]
[EndTime "11:16:25 PST"]
[Termination "Xeniya2005 won by resignation"]

1. e4 d6 2. d4 Nf6 3. Nc3 c6 4. a4 Bg4 5. Be2 Bxe2 6. Ngxe2 e6 7. h3 d5 8. e5 Nfd7 9. Be3 c5 10. f4 Nc6 11.
O-O Qb6 12. Qd2 cxd4 13. Nxd4 Bc5 14. Nce2 Nxd4 15. Bxd4 Bxd4+ 16. Nxd4 Nc5 17. a5 Qa6 18. Qb4 Rc8 19. Nb5 O-O 20. Nd6 Rc7 21. Qd4 f6 22. b4 Qe2 23. bxc5 fxe5 24. fxe5 1-0

[Event "*** Titled Tuesday Blitz"]
[Site "Chess.com"]
[Date "2021.02.09"]
[Round "7"]
[White "Happy1712Drummer"]
[Black "mikolka1985"]
[Result "1-0"]
[WhiteElo "2414"]
[BlackElo "2601"]
[TimeControl "180+1"]
[EndTime "11:16:27 PST"]
[Termination "Happy1712Drummer won by resignation"]

1. Nf3 Nf6 2. c4 e6 3. g3 b6 4. Bg2 Bb7 5. O-O Be7 6. d4 O-O 7. Nc3 Ne4 8. Qc2 Nxc3 9. bxc3 f5 10. d5 Na6 11. Nd4 Nc5 12. a4 a5 13. Ba3 Na6 14. d6 Bxd6 15. Bxb7 Ra7 16. Bxd6 cxd6 17. Bxa6 Rxa6 18. Nb5 Qe7 19. Qd3 Rc8 20. Nxd6 Rc6 21. Rfd1 Ra8 22. Ra2 h6 23. Rad2 Rf8 24. Nb5 Qf6 25. e3 g5 26. Qxd7 Rxc4 27. Rd6 Re4 28. Nd4 f4 29. exf4 gxf4 30. Rxe6 1-0

[Event "*** Titled Tuesday Blitz"]
[Site "Chess.com"]
[Date "2021.02.09"]
[Round "7"]
[White "NaciSAN"]
[Black "volunteers1998"]
[Result "1-0"]
[WhiteElo "2307"]
[BlackElo "2059"]
[TimeControl "180+1"]
[EndTime "11:16:27 PST"]
[Termination "NaciSAN won by resignation"]

1. e4 c5 2. Nf3 Nc6 3. Bb5 d6 4.
O-O Bd7 5. Re1 g6 6. c3 Bg7 7. h3 a6 8. Bf1 Nf6 9. d4 cxd4 10. cxd4 O-O 11. Nc3 b5 12. Bd3 Rc8 13. Ne2 Qb6 14. Be3 d5 15. e5 Ne8 16. Ng3 Nc7 17. Qd2 f6 18. Rad1 Ne6 19. exf6 exf6 20. Bc2 Rfe8 21. Bb3 Ne7 22. Bh6 a5 23. a3 b4 24. Bxg7 Kxg7 25. a4 Rc7 26. Re2 Nf8 27. Rde1 Qd6 28.
Bxd5 Qxd5 29. Rxe7+ Rxe7 30. Rxe7+ 1-0

[Event "*** Titled Tuesday Blitz"]
[Site "Chess.com"]
[Date "2021.02.09"]
[Round "7"]
[White "chessdjw"]
[Black "DrVelja"]
[Result "1-0"]
[WhiteElo "2655"]
[BlackElo "2824"]
[TimeControl "180+1"]
[EndTime "11:16:31 PST"]
[Termination "chessdjw won by resignation"]

1. c4 g6 2. d4 Nf6 3. Nc3 Bg7 4. e4 d6 5. Nf3 O-O 6. Be2 Na6 7. O-O e5 8. Be3 c6 9. d5 Ng4 10. Bg5 f6 11. Bh4 c5 12. Ne1 Nh6 13. a3 Bd7 14. Nd3 Qe8 15. b4 b6 16. Rb1 f5 17. f3 Nf7 18.
bxc5 Nxc5 19. Nxc5 dxc5 20. exf5 Bxf5 21. Ne4 Bxe4 22.
fxe4 Nd6 23. Qd3 Qd7 24. h3 h5 25. Qg3 Kh7 26. Bd3 Rae8 27. Kh1 Nf7 28. Bc2 Bh6 29.
Bf6 Bg5 30. Bxg5 1-0

[Event "*** Titled Tuesday Blitz"]
[Site "Chess.com"]
[Date "2021.02.09"]
[Round "7"]
[White "AldokhinIvan"]
[Black "igorcadilhac"]
[Result "1-0"]
[WhiteElo "2475"]
[BlackElo "2304"]
[TimeControl "180+1"]
[EndTime "11:16:31 PST"]
[Termination "AldokhinIvan won by checkmate"]

1. e4 c5 2. Nf3 g6 3. d4 cxd4 4.
Nxd4 Nc6 5. Nc3 Bg7 6. Be3 Nf6 7. Bc4 O-O 8. Bb3 d6 9. h3 Bd7 10. O-O Nxd4 11. Bxd4 Bc6 12. Re1 b5 13. a4 b4 14. Nd5 Nxd5 15. Bxg7 Kxg7 16. exd5 Bd7 17.
Qd4+ Kg8 18. Qxb4 Rc8 19. Re2 Re8 20. Rae1 Rc5 21. Qh4 e5 22. dxe6 Qxh4 23. exf7+ Kg7 24. Rxe8 Rf5 25. Rg8+ Kh6 26. f8=Q+ Rxf8 27. Rxf8 Bxa4 28. Bg8 Kg7 29. Rc8 Bxc2 30. Rc7+ Kxg8 31. Re8# 1-0

[Event "*** Titled Tuesday Blitz"]
[Site "Chess.com"]
[Date "2021.02.09"]
[Round "7"]
[White "ecwinslow"]
[Black "KarateBaby"]
[Result "0-1"]
[WhiteElo "2263"]
[BlackElo "2406"]
[TimeControl "180+1"]
[EndTime "11:16:33 PST"]
[Termination "KarateBaby won by resignation"]

1. e4 g6 2. d4 Bg7 3. Nf3 d6 4.
Nc3 a6 5. a4 b6 6. h3 Bb7 7.
Be3 e6 8. Qd2 h6 9. Bd3 Nd7 10. d5 e5 11. Qe2 Ne7 12. Nd2 O-O 13.
O-O f5 14. f4 exf4 15. Bxf4 Ne5 16. exf5 Nxf5 17. Nf3 Nxd3 18. Qxd3 g5 19. Bd2 Bc8 20.
Ne4 a5 21. c3 Ba6 22. c4 Bxb2 23. Rae1 Bg7 24. g4 Ne7 25. Nexg5 hxg5 26. Bxg5 Rf7 27. Nd4 Bxd4+ 28. Qxd4 Nc6 29. Qe3 Qf8 30. Rxf7 Qxf7 31. dxc6 Bxc4 32. Rf1 Qxf1+ 0-1

[Event "*** Titled Tuesday Blitz"]
[Site "Chess.com"]
[Date "2021.02.09"]
[Round "7"]
[White "QuintilianoR"]
[Black "Skat2704"]
[Result "0-1"]
[WhiteElo "2678"]
[BlackElo "2537"]
[TimeControl "180+1"]
[EndTime "11:16:36 PST"]
[Termination "Skat2704 won by resignation"]

1. e4 c5 2. Nf3 Nc6 3. c3 Nf6 4. e5 Nd5 5. Bc4 Nb6 6. Bb3 d5 7. exd6 Qxd6 8. O-O Bf5 9. d4 cxd4 10. cxd4 e6 11. Nc3 Be7 12. a4 O-O 13. a5 Nd5 14.
Bxd5 exd5 15. Qb3 Nb4 16. Ne1 Rfd8 17. Be3 Qg6 18. Ra4 Nc2 19. Nxd5 Bd6 20. Rc4 Nxe1 21. Rxe1 Be6 0-1

[Event "*** Titled Tuesday Blitz"]
[Site "Chess.com"]
[Date "2021.02.09"]
[Round "7"]
[White "A-S-00"]
[Black "HrvojeZagreb"]
[Result "0-1"]
[WhiteElo "2295"]
[BlackElo "2221"]
[TimeControl "180+1"]
[EndTime "11:16:37 PST"]
[Termination "HrvojeZagreb won by resignation"]

1. d4 e6 2. e4 d5 3. e5 c5 4. c3 Nc6 5. Nf3 Bd7 6. a3 f6 7. exf6 Nxf6 8. Bd3 Bd6 9. O-O O-O 10. Re1 Qc7 11. Nbd2 e5 12. dxe5 Nxe5 13. Nxe5 Bxe5 14. g3 Bg4 15. Qc2 Rf7 16. f3 Bxg3 17. Re2 c4 18.
fxg4 cxd3 19. Qxd3 Bf4 20. Qc2 Nxg4 21. Qd3 Bxh2+ 22. Kg2 Raf8 0-1

[Event "*** Titled Tuesday Blitz"]
[Site "Chess.com"]
[Date "2021.02.09"]
[Round "7"]
[White "jorquerino"]
[Black "BigAl"]
[Result "0-1"]
[WhiteElo "2290"]
[BlackElo "2472"]
[TimeControl "180+1"]
[EndTime "11:16:38 PST"]
[Termination "BigAl won by resignation"]

1. e4 c6 2. d3 d5 3. Nd2 g6 4. Ngf3 Bg7 5. g3 e5 6. Bg2 Ne7 7. O-O O-O 8. Re1 d4 9. a4 c5 10. Nc4 Nbc6 11. b3 h6 12. Ba3 b6 13. Bc1 Be6 14.
Bd2 Qd7 15. Qc1 Kh7 16. Qb2 Rab8 17. Qc1 Rfc8 18. Qd1 Rf8 19. Qc1 f6 20. Qd1 Bg4 21. Qc1 g5 22. Qd1 Ng6 23. Qe2 Rbe8 24. Qf1 f5 25. exf5 Rxf5 26. Qe2 Ref8 27. Qe4 Bxf3 28. Bxf3 Rxf3 29. a5 b5 0-1

[Event "*** Titled Tuesday Blitz"]
[Site "Chess.com"]
[Date "2021.02.09"]
[Round "7"]
[White "Das_Virus_2020"]
[Black "ailime26"]
[Result "1-0"]
[WhiteElo "2451"]
[BlackElo "2129"]
[TimeControl "180+1"]
[EndTime "11:16:41 PST"]
[Termination "Das_Virus_2020 won by resignation"]

1. e4 c5 2. c3 e6 3. d4 d5 4. exd5 exd5 5. Nf3 Nf6 6. Be3 b6 7. Bb5+ Bd7 8. Bxd7+ Qxd7 9. Qe2 Be7 10. dxc5 bxc5 11. Bxc5 O-O 12. Bxe7 Re8 13. O-O Rxe7 14.
Qd3 Nc6 15. Nbd2 Rd8 16. Rfe1 Qc7 17. Rxe7 Qxe7 18. Re1 Ne4 19. Nxe4 dxe4 20. Qxe4 Qxe4 21. Rxe4 f5 22. Re1 Kf7 23. Kf1 h6 24. h4 Kf6 25.
Ke2 Ne7 26. Rd1 Nd5 27. g3 g5 28. hxg5+ hxg5 29. Rd4 g4 30. Ne1 Kg5 31. Nd3 Re8+ 32. Kd2 Nf6 33. Nc5 Re5 34. b4 a5 35. a3 axb4 36. cxb4 Nh5 37. a4 f4 38. gxf4+ Nxf4 39. Rxf4 Rd5+ 40. Ke3 1-0

[Event "*** Titled Tuesday Blitz"]
[Site "Chess.com"]
[Date "2021.02.09"]
[Round "7"]
[White "Firouzja2003"]
[Black "PSvidler"]
[Result "0-1"]
[WhiteElo "3018"]
[BlackElo "2900"]
[TimeControl "180+1"]
[EndTime "11:16:45 PST"]
[Termination "PSvidler won by resignation"]

1. d4 Nf6 2. Nf3 g6 3. c4 Bg7 4. Nc3 d5 5. Bg5 Ne4 6. cxd5 Nxg5 7. Nxg5 e6 8. Nf3 exd5 9. e3 O-O 10. Be2 c6 11. O-O a5 12. a3 Nd7 13. Rc1 Re8 14. h3 Bf8 15. Bd3 Bd6 16. Qc2 Nf6 17. Rce1 Kg7 18. Nd2 Be6 19. f4 c5 20. dxc5 Bxc5 21.
Nb3 Bb6 22. Nd4 Bd7 23. Qf2 Rc8 24. Re2 Qe7 25. g4 Qd6 26. g5 Nh5 27. Qf3 Bxd4 28. exd4 Qb6 29. Rxe8 Rxe8 30. Ne2 Qxb2 31. f5 Bxf5 32. Rf2 Qxa3 0-1

[Event "*** Titled Tuesday Blitz"]
[Site "Chess.com"]
[Date "2021.02.09"]
[Round "7"]
[White "m_ezat"]
[Black "Nils_03"]
[Result "1-0"]
[WhiteElo "2562"]
[BlackElo "2350"]
[TimeControl "180+1"]
[EndTime "11:16:45 PST"]
[Termination "m_ezat won by checkmate"]

1. d4 d5 2. c4 e6 3. Nc3 c6 4.
e4 dxe4 5. Nxe4 Nf6 6. Nxf6+ Qxf6 7. Nf3 Bb4+ 8. Bd2 Bxd2+ 9. Qxd2 O-O 10. Bd3 Nd7 11.
O-O-O c5 12. Ng5 Qxd4 13. Bxh7+ Kh8 14. Qxd4 cxd4 15. Rxd4 f6 16. h4 fxg5 17. hxg5 Ne5 18. g6 Nc6 19. Rdh4 Rf4 20. Rxf4 Ne5 21. Rf8# 1-0

[Event "*** Titled Tuesday Blitz"]
[Site "Chess.com"]
[Date "2021.02.09"]
[Round "7"]
[White "FMJoseHerrera"]
[Black "Fandorine"]
[Result "0-1"]
[WhiteElo "2583"]
[BlackElo "2844"]
[TimeControl "180+1"]
[EndTime "11:16:46 PST"]
[Termination "Fandorine won by resignation"]

1. Nf3 Nf6 2. g3 g6 3. Bg2 Bg7 4. d3 O-O 5. Nc3 c5 6. h4 h5 7.
Bg5 Nc6 8. Qd2 d5 9. Bh6 Bg4 10. Bxg7 Kxg7 11. O-O Bxf3 12. Bxf3 e6 13. Bg2 Rb8 14.
e4 dxe4 15. Nxe4 Nxe4 16. Bxe4 Qd6 17. Bg2 b6 18. Rad1 Rbd8 19. c3 Ne5 20. d4 cxd4 21. Qxd4 Qxd4 22. Rxd4 Rxd4 23. cxd4 Nd3 24. b3 Rc8 25.
Rd1 Rc1 26. Bf3 Rxd1+ 27. Bxd1 Nb4 28. a4 Nc6 29. d5 exd5 30. Kf1 Kf6 31. Ke2 Ke5 32. Kd3 Nb4+ 33. Kc3 a5 34. Bf3 Kd6 35.
Kd4 Nc6+ 36. Kc3 Kc5 37. Be2 Nd4 38. Bd1 Nf5 39. Kd3 Nd6 40. f3 Nf5 41. g4 hxg4 42. fxg4 Nxh4 43. Ke3 g5 44. Bc2 Ng2+ 0-1

[Event "*** Titled Tuesday Blitz"]
[Site "Chess.com"]
[Date "2021.02.09"]
[Round "7"]
[White "RobertoJBM"]
[Black "Artem_Sadovsky"]
[Result "1-0"]
[WhiteElo "2722"]
[BlackElo "2539"]
[TimeControl "180+1"]
[EndTime "11:16:57 PST"]
[Termination "RobertoJBM won by resignation"]

1. d4 g6 2. e4 Bg7 3. Nc3 c6 4. Be3 d5 5. Qd2 dxe4 6. Nxe4 Nd7 7. O-O-O Ngf6 8. Nxf6+ Nxf6 9. Bc4 O-O 10. Nf3 Ne4 11. Qe2 Qa5 12. Kb1 Nd6 13. Bb3 Bf5 14. Rhe1 Rfe8 15. h3 Be4 16. g4 Bd5 17. c4 Be4+ 18.
Ka1 Rad8 19. Nd2 c5 20. dxc5 Qa3 21. Nb1 Bxb1 22. Kxb1 Qa5 23. cxd6 exd6 24. Qd2 Qe5 25. Bg5 1-0

[Event "*** Titled Tuesday Blitz"]
[Site "Chess.com"]
[Date "2021.02.09"]
[Round "7"]
[White "korkmaz16"]
[Black "Sofiia_Hryzlova"]
[Result "1-0"]
[WhiteElo "2413"]
[BlackElo "2275"]
[TimeControl "180+1"]
[EndTime "11:16:57 PST"]
[Termination "korkmaz16 won by resignation"]

1. e4 c5 2. Nc3 Nc6 3. f4 e6 4. Nf3 d5 5. Bb5 Nf6 6. e5 Nd7 7. Bxc6 bxc6 8. O-O c4 9. d4 cxd3 10. cxd3 Be7 11. Qe1 Ba6 12. Qg3 Kf8 13. Nd4 Bc5 14.
Be3 Qb6 15. Na4 Qc7 16. Nxe6+ fxe6 17. Nxc5 Nxc5 18. Bxc5+ Ke8 19. f5 exf5 20. Rxf5 g6 21.
Rf6 Qa5 22. d4 Rb8 23. e6 Rxb2 24. Qd6 Rxg2+ 25. Kxg2 Qd2+ 26. Kh1 1-0

[Event "*** Titled Tuesday Blitz"]
[Site "Chess.com"]
[Date "2021.02.09"]
[Round "7"]
[White "Savagelittlemole"]
[Black "Gusarov91"]
[Result "1-0"]
[WhiteElo "2401"]
[BlackElo "2229"]
[TimeControl "180+1"]
[EndTime "11:16:57 PST"]
[Termination "Savagelittlemole won by resignation"]

1. e4 c6 2. d4 Na6 3. Nc3 Nc7 4.
Bd3 d5 5. e5 g6 6. Nge2 Bg7 7.
Ng3 h5 8. h4 Nh6 9. Bg5 Ne6 10.
Nce2 Nxg5 11. hxg5 Ng8 12. c3 h4 13. Nf1 Bg4 14.
Ne3 Bxe2 15. Qxe2 e6 16. Qg4 Rh5 17. f4 Qb6 18. O-O-O c5 19. dxc5 Qxc5 20. Nc2 Ne7 21. Rxh4 Rxh4 22. Qxh4 O-O-O 23. Qh7 Rg8 24. Nd4 a6 25.
Qh3 Rh8 26. Qf3 Nc6 27. Nxc6 Qxc6 28. g3 Qa4 29. a3 Bf8 30. Rh1 Rg8 31. Rh7 Bxa3 32.
bxa3 Qxa3+ 33. Kd2 d4 34. cxd4 Rd8 35. Rxf7 Rxd4 36.
Qxb7+ 1-0

[Event "*** Titled Tuesday Blitz"]
[Site "Chess.com"]
[Date "2021.02.09"]
[Round "7"]
[White "Ekose"]
[Black "Tactictic"]
[Result "1-0"]
[WhiteElo "2598"]
[BlackElo "2417"]
[TimeControl "180+1"]
[EndTime "11:17:03 PST"]
[Termination "Ekose won on time"]

1. d4 f5 2. g3 e6 3. Bg2 Nf6 4. c3 d5 5. Qb3 Bd6 6. Nd2 O-O 7.
Nh3 c6 8. Nf3 Qe7 9. Bf4 Nbd7 10. Bxd6 Qxd6 11. Nf4 e5 12. dxe5 Nxe5 13. Nxe5 Qxe5 14. O-O g5 15. Nd3 Qxe2 16. Rad1 Qe7 17. Rfe1 Qc7 18. Ne5 Ne4 19. Bxe4 fxe4 20. Rxe4 Qb6 21.
Re2 Qxb3 22. axb3 Bf5 23. Rde1 a5 24. f3 a4 25. bxa4 Rxa4 26. g4 Bc8 27. Kg2 Rf6 28. Nd3 Kg7 29. Re7+ Rf7 30. Re8 Bd7 31. Rb8 b5 32. Ne5 Re7 33. Rb7 1-0

[Event "*** Titled Tuesday Blitz"]
[Site "Chess.com"]
[Date "2021.02.09"]
[Round "7"]
[White "beto-betun"]
[Black "Atco84"]
[Result "0-1"]
[WhiteElo "2184"]
[BlackElo "2473"]
[TimeControl "180+1"]
[EndTime "11:17:05 PST"]
[Termination "Atco84 won on time"]

1. d4 e6 2. Nf3 c5 3. g3 b5 4. Bg2 Bb7 5. O-O Nf6 6. a4 b4 7. c3 a5 8. c4 cxd4 9. Nxd4 Bxg2 10. Kxg2 d5 11. Nd2 Be7 12. b3 O-O 13. Bb2 Ra6 14.
f3 Nbd7 15. Nb5 Qb8 16. cxd5 Nxd5 17. Nc4 N7b6 18. Bd4 Rd8 0-1

[Event "*** Titled Tuesday Blitz"]
[Site "Chess.com"]
[Date "2021.02.09"]
[Round "7"]
[White "OriTaichman"]
[Black "BahadirOzen"]
[Result "0-1"]
[WhiteElo "2537"]
[BlackElo "2721"]
[TimeControl "180+1"]
[EndTime "11:17:07 PST"]
[Termination "BahadirOzen won by resignation"]

1. e4 g6 2. h4 d5 3. exd5 Nf6 4. Bb5+ c6 5. dxc6 Nxc6 6. d4 Bg7 7. h5 Nxh5 8. c3 O-O 9. Nf3 Bg4 10. Be3 e5 11. d5 Qa5 12. Na3 Rad8 13. Qb3 Nd4 14. Bxd4 exd4 15. Nc4 Rfe8+ 16. Bxe8 Rxe8+ 17. Kf1 Qa6 18. Nxd4 Bxd4 19. cxd4 Be2+ 20. Kg1 Bxc4 21. Qf3 Qd6 22.
Rxh5 gxh5 23. Qxh5 Bxd5 24. Qg5+ Kh8 25. Rc1 Rg8 26.
Qxd5 0-1

[Event "*** Titled Tuesday Blitz"]
[Site "Chess.com"]
[Date "2021.02.09"]
[Round "7"]
[White "alexrustemov"]
[Black "Beca95"]
[Result "0-1"]
[WhiteElo "2758"]
[BlackElo "2911"]
[TimeControl "180+1"]
[EndTime "11:17:08 PST"]
[Termination "Beca95 won by resignation"]

1. Nf3 g6 2. g3 Bg7 3. Bg2 e5 4.
O-O d6 5. c4 Nd7 6. Nc3 Nh6 7.
d4 O-O 8. e4 f6 9. h3 Nf7 10. Be3 f5 11. dxe5 dxe5 12. Qd2 c6 13. Rad1 h6 14. Rfe1 Qf6 15. c5 f4 16. gxf4 exf4 17.
Bxf4 Nde5 18. Nxe5 Nxe5 19. Bxe5 Qxe5 20. Qd6 Be6 21.
Qxe5 Bxe5 22. a3 Rf7 23. Rd2 g5 24. f3 Raf8 25. Red1 Kg7 26. Rd8 Bb3 27. Rxf8 Kxf8 28. Rd2 Bf4 29. Rd8+ Ke7 30. Rb8 Bxb8 0-1

[Event "*** Titled Tuesday Blitz"]
[Site "Chess.com"]
[Date "2021.02.09"]
[Round "7"]
[White "Sam_ChessMood"]
[Black "sara_khm"]
[Result "1-0"]
[WhiteElo "2848"]
[BlackElo "2700"]
[TimeControl "180+1"]
[EndTime "11:17:09 PST"]
[Termination "Sam_ChessMood won by resignation"]

1. e4 e5 2. Nf3 Nc6 3. Bb5 a6 4.
Ba4 Nf6 5. O-O b5 6. Bb3 Bc5 7. d3 O-O 8. Nc3 h6 9. Nd5 Re8 10. c3 Bf8 11. a4 Rb8 12. axb5 axb5 13. Ne1 Nxd5 14. Bxd5 Ne7 15. Bb3 d5 16. f4 exf4 17. Bxf4 Be6 18. Bg3 Rc8 19. Ra6 c5 20. Rd6 Qa5 21. exd5 Bf5 22. Kh1 c4 23. Bc2 Bg6 24. dxc4 bxc4 25. Bxg6 Nxg6 26. Rd7 Qb5 27. Rdxf7 Qxb2 28. d6 Rcd8 29. d7 Re7 30. Rxe7 Bxe7 31. Bc7 Ra8 32.
Qd5+ 1-0

[Event "*** Titled Tuesday Blitz"]
[Site "Chess.com"]
[Date "2021.02.09"]
[Round "7"]
[White "JSMastropiero"]
[Black "Irina_Baraeva"]
[Result "0-1"]
[WhiteElo "2382"]
[BlackElo "2288"]
[TimeControl "180+1"]
[EndTime "11:17:12 PST"]
[Termination "Irina_Baraeva won by resignation"]

1. e4 e6 2. d4 d5 3. Nc3 Bb4 4. Qd3 dxe4 5. Qxe4 Nf6 6. Qh4 c5 7.
dxc5 Bxc3+ 8. bxc3 Nc6 9. Nf3 Qa5 10. Bd2 Qxc5 11. Bd3 e5 12. O-O Bg4 13. Ng5 Rd8 14.
Rae1 h6 15. Kh1 O-O 16. Ne4 Nxe4 17. Rxe4 Bf5 18. Rc4 Qd6 19. Bxf5 Qxd2 20. Rg4 Qe2 21. Rg1 Rd1 22. Rxg7+ Kxg7 23. Qg4+ Qxg4 24. Bxg4 Rxg1+ 0-1

[Event "*** Titled Tuesday Blitz"]
[Site "Chess.com"]
[Date "2021.02.09"]
[Round "7"]
[White "fabianvivasz"]
[Black "esteban062000"]
[Result "1-0"]
[WhiteElo "2338"]
[BlackElo "2151"]
[TimeControl "180+1"]
[EndTime "11:17:13 PST"]
[Termination "fabianvivasz won by resignation"]

1. e4 c5 2. Nc3 g6 3. Bc4 Nc6 4.
a3 Bg7 5. d3 e6 6. Ba2 Nge7 7.
h4 d5 8. Nge2 b6 9. h5 Bb7 10.
Bf4 dxe4 11. Nxe4 Nf5 12. g4 Nfd4 13. Nd6+ Kf8 14. Nxb7 Qf6 15. h6 Nxe2 16. hxg7+ Kxg7 17. Bh6+ Kg8 18. Qxe2 Nd4 19. Qd1 g5 20. Nd6 Qe5+ 21.
Ne4 Qf4 22. Rh3 e5 23. Bxg5 Nf3+ 1-0

[Event "*** Titled Tuesday Blitz"]
[Site "Chess.com"]
[Date "2021.02.09"]
[Round "7"]
[White "L1m96"]
[Black "ckgchess"]
[Result "0-1"]
[WhiteElo "2546"]
[BlackElo "2726"]
[TimeControl "180+1"]
[EndTime "11:17:15 PST"]
[Termination "ckgchess won by resignation"]

1. e4 c5 2. Nf3 d6 3. d4 cxd4 4. Nxd4 Nf6 5. Nc3 g6 6. Be3 Bg7 7. f3 a6 8. Qd2 h5 9. h4 Qc7 10. O-O-O b5 11. Kb1 Bb7 12. Be2 Nbd7 13. Nb3 Rc8 14. Rc1 Ne5 15. Bd4 Nc4 16. Bxc4 bxc4 17. Bxf6 Bxf6 18. Nd4 Rb8 19. Nce2 d5 20. exd5 Bxd5 21.
c3 O-O 22. g4 e5 23. Nf5 Rfd8 24. Qh6 Bxf3 25. gxh5 Be4+ 26. Ka1 Bxf5 27. hxg6 fxg6 28. Rhg1 Bg7 29. Qe3 Qb6 0-1

[Event "*** Titled Tuesday Blitz"]
[Site "Chess.com"]
[Date "2021.02.09"]
[Round "7"]
[White "KetiGrant"]
[Black "Maksimus1998"]
[Result "0-1"]
[WhiteElo "2355"]
[BlackElo "2499"]
[TimeControl "180+1"]
[EndTime "11:17:15 PST"]
[Termination "Maksimus1998 won by resignation"]

1. e4 c6 2. d4 d5 3. Nc3 dxe4 4. Nxe4 Bf5 5. Ng3 Bg6 6. h4 h6 7. Nf3 Nd7 8. h5 Bh7 9. Bd3 Bxd3 10. Qxd3 e6 11.
Bf4 Qa5+ 12. Bd2 Bb4 13. c3 Be7 14. O-O Ngf6 15. Rfe1 O-O 16. c4 Qd8 17. Qe2 Re8 18. Rad1 Qc7 19. Ne5 Nxe5 20. dxe5 Nd7 21. Bf4 Rad8 22.
Qg4 Kh8 23. Rd3 Nb6 24. Rxd8 Rxd8 25. b3 Rd4 26. Ne4 Nd7 27. Qg3 Nc5 28. Nxc5 Bxc5 29.
Be3 Re4 30. f4 Qa5 31. Re2 Rxe3 32. Rxe3 Qd2 0-1